 Dungeon Crawl Stone Soup version 0.17-a0-1705-gb8832cf (webtiles) character file.

16 Econoterrorist the Ruffian (level 2, -5/23 HPs)
             Began as a Draconian Transmuter on Aug 22, 2015.
             Slain by Natasha (8 damage)
             ... on level 1 of the Dungeon.
             The game lasted 00:02:16 (920 turns).

Econoterrorist the Ruffian (Draconian Transmuter)    Turns: 920, Time: 00:02:16

Health: -5/23      AC:  4    Str: 12    XL:     2   Next: 41%
Magic:  4/5        EV: 12    Int: 13    God:
Gold:   71         SH:  0    Dex: 11    Spells: 1 memorised, 4 levels left

rFire  . . .     SeeInvis .       - Unarmed
rCold  . . .     Clarity  .     (armour unavailable)
rNeg   . . .     SustAt   .     (no shield)
rPois  .         Gourm    .     (helmet restricted)
rElec  .         Spirit   .     (no cloak)
rCorr  .         Warding  .     (no gloves)
rMut   .         Stasis   .     (no boots)
MR     .....                    (no amulet)
Stlth  +.........               (no ring)
                                (no ring)

@: appendage (expiring), slowed, very slow, not resistant to hostile
enchantments, very unstealthy
A: unfitting armour, horns 2, cold-blooded, AC +4
a: End Transformation


You were on level 1 of the Dungeon.
You were not hungry.
You had grown temporary horns.
You visited 1 branch of the dungeon, and saw 2 of its levels.

You collected 71 gold pieces.

Inventory:

Scrolls
 a - a scroll of immolation
 d - a scroll of remove curse {unknown}
 e - a scroll of identify
 f - a scroll of fog {unknown}
Books
 b - a book of Changes

   Spells                             Type                      Level
   a - Beastly Appendage              Transmutation                1
   b - Sticks to Snakes               Transmutation                2
   c - Spider Form                    Transmutation/Poison         3
   d - Ice Form                       Ice/Transmutation            4
   e - Blade Hands                    Transmutation                5
Comestibles
 c - 2 bread rations
 g - 2 meat rations


   Skills:
 - Level 1.1 Fighting
 - Level 1.7 Dodging
 + Level 3.8 Unarmed Combat
 - Level 2.0 Spellcasting
 - Level 2.0 Transmutations


You had 4 spell levels left.
You knew the following spells:

 Your Spells              Type           Power        Failure   Level  Hunger
a - Beastly Appendage     Trmt           #.....       12%         1    ##.....


Dungeon Overview and Level Annotations

Branches:
Dungeon (2/15)

Altars:

Annotations:
D:1 Natasha


Innate Abilities, Weirdness & Mutations

Your plain brown scales are hard (AC +4).
Your body does not fit into most forms of armour.
You are cold-blooded and may be slowed by cold attacks.
You have a pair of horns on your head.


Message History

You closely miss Natasha. Natasha barely misses you.
Casting: Beastly Appendage
Confirm with . or Enter, or press ? or * to list all spells.
You grow a pair of large bovine horns.
Natasha claws you. Natasha closely misses you.
You hit Natasha.
You tail-slap Natasha, but do no damage.
Natasha is moderately wounded.
Your transformation is almost over.
Natasha casts a spell at you. The magic dart hits you!
* * * LOW HITPOINT WARNING * * *
You aren't carrying any potions.
Read which item? (? for menu, Esc to quit)
As you read the scroll labeled FYB YZISEROY, it crumbles to dust.
It is a scroll of identify.
Identify which item? (\ to view known items) (? for menu, Esc to quit)
a - a scroll of immolation Natasha claws you!
You die...

.....#.....#....#
####.........#.
.....#....(.....#
#............##
....>...........#
#..............
................#
#............##
......(...#.....# #............#
.......#........# #............#
###....#.##.....# #............#
###......###...h###............#
.........# ####w@......).......#
.........# #................#
.........# #................#
.........# #...#............#
.........# #...##############
.........# #...# .........#
#...# .........# #...#
.........# #####


You could see a worm and Natasha.

Vanquished Creatures
  A giant gecko (D:1)
  A bat (D:1)
  A giant cockroach (D:1)
  A goblin (D:1)
  3 hobgoblins
  A kobold (D:1)
  4 giant newts
  3 rats
15 creatures vanquished.

Notes
Turn   | Place    | Note
--------------------------------------------------------------
     0 | D:1      | Econoterrorist the Draconian Transmuter began the quest for the Orb.
     0 | D:1      | Reached XP level 1. HP: 16/16 MP: 3/3
   261 | D:1      | Reached XP level 2. HP: 18/23 MP: 1/5
   764 | D:2      | Noticed Natasha
   920 | D:1      | Slain by Natasha

Vault maps used:
D:1:      kilobyte_arrival_exit_the_forest
D:2:      uniq_sigmund, uniq_natasha

Action                   || total
-------------------------++-------
Melee: Unarmed           ||    45
 Cast: Beastly Appendage ||     6
  Use: Scroll            ||     1
 Stab: Sleeping          ||     1
